 Dungeon Crawl Stone Soup version 0.21.1 (webtiles) character file.

2484 theElss the Basher (level 9, 0/56 HPs)
             Began as a Gargoyle Berserker on Feb 3, 2018.
             Was an Elder of Trog.
             Splashed by a jelly's acid (9 damage)
             ... on level 6 of the Dungeon.
             The game lasted 00:25:15 (6663 turns).

theElss the Basher (Gargoyle Berserker)             Turns: 6663, Time: 00:25:16

Health: 0/56       AC:  0    Str: 23    XL:     9   Next: 52%
Magic:  9/9        EV:  8    Int:  8    God:    Trog [****..]
Gold:   275        SH:  0    Dex: 10    Spells: 8/8 levels left

rFire    . . .     SeeInvis .   a - +0 mace
rCold    . . .     Gourm    .   (no shield)
rNeg     + . .     Faith    .   b - +1 plate armour
rPois    ∞         Spirit   .   (no helmet)
rElec    +         Reflect  .   (no cloak)
rCorr    .         Harm     .   (no gloves)
MR       ++...                  (no boots)
Stlth    ..........             (no amulet)
HPRegen  1.18/turn              s - ring of flight
MPRegen  0.11/turn              (no ring)

@: corroded, regenerating
A: negative energy resistance 1, electricity resistance, unbreathing,
petrification resistance, rot immunity, AC +6
a: Berserk, Trog's Hand, Brothers in Arms, Burn Spellbooks, Renounce Religion,
Evoke Flight


You were on level 6 of the Dungeon.
You worshipped Trog.
Trog was greatly pleased with you.
You were hungry.

You visited 1 branch of the dungeon, and saw 6 of its levels.

You collected 275 gold pieces.

Inventory:

Hand Weapons
 a - a +0 mace (weapon)
Missiles
 e - 33 bolts
Armour
 b - a +1 plate armour (worn)
 m - a +0 ring mail
 t - a +0 shield
Jewellery
 s - a ring of flight (left hand)
Wands
 k - a wand of acid (6)
 o - a wand of flame (26)
 q - a wand of paralysis (9)
Scrolls
 h - 2 scrolls of fear
 r - 2 scrolls of fog
 u - a scroll of magic mapping
 v - a scroll of enchant weapon
 w - a scroll of identify
Potions
 d - a potion of berserk rage {unknown}
 f - a potion of degeneration {unknown}
 g - a potion of might
 i - a potion of mutation {unknown}
 j - a potion of curing {unknown}
 l - 2 potions of heal wounds {unknown}
 n - a potion of brilliance {unknown}
 p - a potion of invisibility {unknown}
Comestibles
 c - 6 rations
 x - 3 chunks of flesh


   Skills:
 - Level 6.4 Fighting
 + Level 9.3 Maces & Flails
 - Level 6.2 Armour
 - Level 3.3 Dodging
 - Level 2.5 Stealth
 * Level 2.5 Shields


You had 8 spell levels left.
You didn't know any spells.

Dungeon Overview and Level Annotations

Branches:
Dungeon (6/15)
 Temple: D:4-7

Altars:
Gozag
Makhleb
The Shining One


Innate Abilities, Weirdness & Mutations

You are resistant to torment.
Your stone body is resilient. (AC +6)
You are immune to poison.
You resist negative energy. (rN+)
You are resistant to electric shocks. (rElec)
You can survive without breathing.
You are immune to petrification.
You are immune to rotting.


Message History

The jelly eats the door!
You hit the jelly but do no damage. The acid corrodes you!
Your hands burn!
The jelly hits you but does no damage.
You thump the jelly! The acid corrodes you!
Your hands burn!
* * * LOW HITPOINT WARNING * * *
The jelly is heavily wounded.
The jelly barely misses you.
Unknown command.
Your skin crawls.
You feel resistant to hostile enchantments.
You are feeling hungry.
The jelly barely misses you.
Unknown command.
You hit the jelly but do no damage. The acid corrodes you!
Your hands burn!
* * * LOW HITPOINT WARNING * * *
The jelly is heavily wounded.
The jelly hits you.
* * * LOW HITPOINT WARNING * * *
You are splashed with acid!
The acid burns!
You die...

.# #......... .#
#.######## .# #.# .##
#.# ..#######.#####
#.............#######.#
..#######..............
.#..........#.#..##.#(
.#.#############@# .#.#
##J## .#.# #.JJ# .#..
#...# #### #.....#
#....P# #.....# ##...##
#### #...#


You could see a jelly and 2 oozes.

Vanquished Creatures
  The ghost of Zhenya24pyc the Basher, a novice GrFi of Okawaru (D:5)
  A slime creature (D:6)
  The ghost of theElss the Cudgeler, an amateur GrBe of Trog (D:3)
  2 sky beasts (D:5)
  An ice beast (D:2)
  A phantom (D:4)
  2 ogres
  A gnoll sergeant (D:5)
  A scorpion (D:5)
  A water moccasin skeleton (D:4)
  A howler monkey (D:3)
  2 crimson imps
  8 jellies (D:6)
  5 orc priests
  An iguana (D:5)
  Ijyb (D:4)
  3 orc wizards
  4 worker ants
  A worker ant zombie (D:5)
  9 gnolls
  13 adders
  10 oozes
  2 worms
  2 dart slugs
  9 leopard geckos
  26 orcs
  A ball python (D:2)
  10 bats
  3 giant cockroaches
  8 goblins
  3 hobgoblins
  6 jackals
  3 kobolds
  4 quokkas
  7 frilled lizards
  A jackal skeleton (D:4)
  A leopard gecko skeleton (D:4)
  A quokka skeleton (D:4)
  5 rats
162 creatures vanquished.

Vanquished Creatures (others)
  8 fungi (D:6)
8 creatures vanquished.

Grand Total: 170 creatures vanquished

Notes
Turn   | Place    | Note
-------+----------+-------------------------------------------
     0 | D:1      | theElss the Gargoyle Berserker began the quest for the Orb.
     0 | D:1      | Reached XP level 1. HP: 14/14 MP: 1/1
    76 | D:1      | Reached XP level 2. HP: 19/19 MP: 2/2
   309 | D:1      | Reached XP level 3. HP: 23/24 MP: 3/3
   918 | D:2      | Reached ** piety under Trog
   953 | D:2      | Noticed an ice beast
   971 | D:2      | Killed an ice beast
   971 | D:2      | Reached skill level 4 in Maces & Flails
   971 | D:2      | Reached XP level 4. HP: 29/29 MP: 4/4
   971 | D:2      | Reached XP level 5. HP: 33/33 MP: 5/5
  1048 | D:2      | Found an opulent altar of Gozag.
  1058 | D:2      | Found a glowing golden altar of the Shining One.
  1287 | D:2      | Reached skill level 1 in Stealth
  1543 | D:2      | Found a burning altar of Makhleb.
  1561 | D:2      | Reached skill level 5 in Maces & Flails
  1745 | D:3      | Reached XP level 6. HP: 32/38 MP: 6/6
  1776 | D:3      | Noticed theElss's ghost (amateur GrBe)
  2368 | D:3      | Killed theElss's ghost
  2567 | D:3      | Found a faded altar of an unknown god.
  3253 | D:3      | Reached XP level 7. HP: 44/44 MP: 7/7
  3666 | D:4      | Reached *** piety under Trog
  4044 | D:4      | Reached skill level 6 in Maces & Flails
  4099 | D:4      | Noticed Ijyb
  4107 | D:4      | Killed Ijyb
  4693 | D:5      | Entered Level 5 of the Dungeon
  4793 | D:5      | Reached skill level 5 in Fighting
  4793 | D:5      | Reached XP level 8. HP: 44/49 MP: 8/8
  4816 | D:5      | Reached skill level 5 in Armour
  5123 | D:5      | Noticed Zhenya24pyc's ghost (novice GrFi)
  5123 | D:5      | Reached skill level 7 in Maces & Flails
  5483 | D:5      | Killed Zhenya24pyc's ghost
  5483 | D:5      | Reached skill level 8 in Maces & Flails
  5483 | D:5      | Reached XP level 9. HP: 55/55 MP: 9/9
  6208 | D:6      | HP: 4/84 [ogre/giant club (17)]
  6209 | D:6      | Reached skill level 1 in Shields
  6615 | D:6      | Reached skill level 9 in Maces & Flails
  6641 | D:6      | Reached **** piety under Trog
  6663 | D:6      | Splashed by a jelly's acid

Skill      XL: |  1  2  3  4  5  6  7  8  9 |
---------------+----------------------------+-----
Fighting       | 4 5 6 |  6.4
Maces & Flails | 4 5 6 8 9 |  9.3
Dodging        | 2 3 |  3.3
Stealth        | 1 2 |  2.5
Armour         | 3 4 6 |  6.2
Shields        | 2 |  2.5

Action                   |  1- 3 |  4- 6 |  7- 9 || total
-------------------------+-------+-------+-------++-------
Melee: Mace              |    99 |   173 |   239 ||   511
       Flail             |       |   194 |   484 ||   678
Invok: Berserk           |     1 |     3 |    10 ||    14
       Trog's Hand       |       |       |     4 ||     4
  Use: Scroll            |       |     5 |     3 ||     8
       Potion            |       |       |     1 ||     1
 Stab: Sleeping          |       |     1 |       ||     1
  Eat: Chunk             |       |    12 |    16 ||    28
       Ration            |       |       |     2 ||     2
Armor: Animal skin       |    52 |    16 |       ||    68
       Ring mail         |       |    87 |       ||    87
       Plate armour      |       |   184 |   487 ||   671
Dodge: Dodged            |    94 |   241 |   237 ||   572
